 Dungeon Crawl Stone Soup version 0.24-a0-275-g6f7e2cb (webtiles) character file.

Game seed: 16140259250120520873

535 Inarius the Chopper (level 7, -2/67 HPs)
             Began as a Troll Fighter on Apr 27, 2019.
             Slain by a phantom (8 damage)
             ... on level 5 of the Dungeon on Apr 28, 2019.
             The game lasted 00:06:10 (2981 turns).

Inarius the Chopper (Troll Fighter)                 Turns: 2981, Time: 00:06:11

Health: -2/67      AC:  6    Str: 27    XL:     7   Next: 4%
Magic:  6/6        EV:  8    Int:  4    God:
Gold:   279        SH:  9    Dex:  9    Spells: 6/6 levels left

rFire    . . .     SeeInvis .   a - +0 war axe
rCold    . . .     Gourm    +   c - +0 shield
rNeg     . . .     Faith    .   b - +0 robe
rPois    .         Spirit   .   (helmet restricted)
rElec    .         Reflect  .   (no cloak)
rCorr    .         Harm     .   (gloves unavailable)
MR       .....                  (boots unavailable)
Stlth    +.........             (no amulet)
HPRegen  0.61/turn              (no ring)
MPRegen  0.10/turn              (no ring)

@: no status effects
A: large, unfitting armour, antennae 1, claws 3, hooves 1, blurry vision 1, fast
metabolism 3, gourmand, regeneration 1, shaggy fur 1, tough skin 3
a: no special abilities


You were on level 5 of the Dungeon.
You were very full.

You visited 1 branch of the dungeon, and saw 5 of its levels.

You collected 279 gold pieces.

Inventory:

Hand Weapons
 a - a +0 war axe (weapon)
 p - a +0 giant club
Armour
 b - a +0 robe (worn)
 c - a +0 shield (worn)
Jewellery
 q - an uncursed ring of fire
Scrolls
 g - 2 scrolls of enchant weapon {unknown}
 k - 3 scrolls of identify {unknown}
 l - 2 scrolls of teleportation {unknown}
 n - 2 scrolls of magic mapping {unknown}
 o - a scroll of remove curse {unknown}
 u - a scroll of enchant armour {unknown}
 v - a scroll of blinking {unknown}
 w - a scroll of fear {unknown}
Potions
 e - a potion of mutation
 h - a potion of ambrosia {unknown}
 i - 2 potions of curing {unknown}
 j - a potion of invisibility {unknown}
 m - 2 potions of flight {unknown}
 r - 3 potions of haste {unknown}
 s - a potion of degeneration {unknown}
 t - a potion of heal wounds {unknown}
 x - a potion of magic {unknown}
Comestibles
 d - a chunk of flesh
 f - 3 rations


   Skills:
 + Level 3.3 Fighting
 * Level 5.2 Axes
 + Level 3.2 Dodging
 + Level 3.0 Shields


You had 6 spell levels left.
You didn't know any spells.
Your spell library was empty.

Dungeon Overview and Level Annotations

Branches:
Dungeon (5/15)
 Temple: D:4-7

Altars:
Ru


Innate Abilities, Weirdness & Mutations

You are too large for most types of armour.
You have claws for hands.
Your metabolism is lightning-fast.
You like to eat raw meat.
Your natural rate of healing is unusually fast.
You are covered in fur. (AC +1)
You have extremely tough skin. (AC +3)
You have a pair of small antennae on your head.
You have large cloven feet.
Scrolls take you a little longer to read.


Message History

You hit the phantom.
The ice beast hits you but does no damage.
You block the phantom's attack.
Your shield prevents you from hitting the ice beast.
The ice beast is heavily wounded.
You closely miss the phantom. The ice beast hits you.
* * * LOW HITPOINT WARNING * * *
The ice beast freezes you!
* * * LOW HITPOINT WARNING * * *
The phantom hits you.
* * * LOW HITPOINT WARNING * * *
The ice beast hits you but does no damage.
The phantom closely misses you.
It was a potion of mutation.
You feel extremely strange.
Your vision blurs.
Your feet thicken and deform.
A pair of antennae grows on your head!
The ice beast hits you but does no damage.
You block the phantom's attack. The phantom hits you!
You die...

#.# #.# #.# #.#
#.# ##.####
#.....#
#.######.....#
........@....####
.......YW........
...#####.†...####
#........#
..........#
............#
##+#.........#
#.........#
#..#......#


You could see a phantom and an ice beast.

Vanquished Creatures
  Duvessa (D:4)
  An ogre (D:4)
  Dowan (D:4)
  A hound (D:5)
  2 worker ants (D:4)
  Terence (D:2)
  4 gnolls (D:2)
  4 adders
  An ooze (D:2)
  4 worms
  2 dart slugs (D:1)
  2 leopard geckos
  12 orcs
  4 giant cockroaches
  8 goblins
  9 hobgoblins
  2 jackals (D:3)
  2 quokkas
  5 bats
  4 frilled lizards
  9 kobolds
  11 rats
90 creatures vanquished.

Notes
Turn   | Place    | Note
-------+----------+-------------------------------------------
     0 | D:1      | Inarius the Troll Fighter began the quest for the Orb.
     0 | D:1      | Reached XP level 1. HP: 22/22 MP: 0/0
   213 | D:1      | Reached XP level 2. HP: 29/29 MP: 1/1
   230 | D:1      | Reached skill level 2 in Axes
   833 | D:2      | Reached XP level 3. HP: 35/36 MP: 2/2
  1229 | D:2      | Reached XP level 4. HP: 34/44 MP: 3/3
  1551 | D:2      | Reached skill level 3 in Axes
  1617 | D:2      | Noticed Terence
  1627 | D:2      | Killed Terence
  1723 | D:2      | Reached XP level 5. HP: 52/52 MP: 4/4
  1965 | D:3      | Found a sacrificial altar of Ru.
  2509 | D:4      | Noticed Duvessa
  2509 | D:4      | Noticed Dowan
  2511 | D:4      | Noticed an ogre
  2516 | D:4      | Killed an ogre
  2516 | D:4      | Reached skill level 4 in Axes
  2516 | D:4      | Reached XP level 6. HP: 51/61 MP: 5/5
  2525 | D:4      | Killed Duvessa
  2526 | D:4      | Killed Dowan
  2526 | D:4      | Reached skill level 5 in Axes
  2945 | D:5      | Entered Level 5 of the Dungeon
  2966 | D:5      | Noticed an ice beast
  2970 | D:5      | Reached XP level 7. HP: 47/67 MP: 6/6
  2979 | D:5      | Gained mutation: Scrolls take you a little longer to read.
                  | [potion of mutation]
  2979 | D:5      | Gained mutation: You have large cloven feet. [potion of
                  | mutation]
  2979 | D:5      | Gained mutation: You have a pair of small antennae on your
                  | head. [potion of mutation]
  2981 | D:5      | Slain by a phantom

Levels and vault maps discovered:
D:1:      dpeg_arrival_castle, layout_basic
D:2:      layout_loops_corners, uniq_terence
D:3:      layout_loops_cross, nicolae_ru_awakened_eye
D:4:      layout_rooms, minmay_misc_feat_secret_circle, uniq_duvessa
D:5:      layout_basic, first_ration, minmay_misc_feat_encased,
          uniq_crazy_yiuf_cottage

Skill      XL: |  1  2  3  4  5  6 |
---------------+-------------------+-----
Axes           | 2 3 4 5 |  5.2
Fighting       | 3 |  3.3
Dodging        | 3 |  3.2
Shields        | 3 |  3.0

Action                   |  1- 3 |  4- 6 |  7- 9 || total
-------------------------+-------+-------+-------++-------
Melee: War axe           |   114 |   213 |     8 ||   335
  Use: Potion            |       |     1 |     1 ||     2
  Eat: Chunk             |    13 |    21 |       ||    34
Armor: Robe              |    32 |    66 |     6 ||   104
Dodge: Dodged            |    40 |    57 |     3 ||   100
Block: Shield            |    56 |   111 |     4 ||   171

Table legend:
 A = Non-vault XP
 B = Vault XP
 C = Vault XP percentage of total XP
 D = Non-vault monster count
 E = Vault monster count
 F = Vault count percentage of total count
                 A         B        C        D         E       F
            +---------+---------+-------+---------+---------+-------
      Total |     495 |     270 |  35.3 |      87 |       3 |   3.3
            +---------+---------+-------+---------+---------+-------
        D:1 |      39 |       0 |   0.0 |      22 |       0 |   0.0
        D:2 |     122 |      36 |  22.8 |      23 |       1 |   4.2
        D:3 |      99 |       0 |   0.0 |      34 |       0 |   0.0
        D:4 |     193 |     234 |  54.8 |       6 |       2 |  25.0
        D:5 |      42 |       0 |   0.0 |       2 |       0 |   0.0
            +---------+---------+-------+---------+---------+-------
